Map: Arctic Dream LE

Players

Ryper - Winner!

  • Race: Terran Terran
  • Spawn Location: 12:00

NoTactics - Winner!

  • Race: Terran Terran
  • Spawn Location: 11:00

qqq

  • Race: Protoss Protoss
  • Spawn Location: 6:00

Massa

  • Race: Terran Terran
  • Spawn Location: 5:00

VOD

Have the link to the VOD?

Description

Time

  • Played on: June 10, 2020, 2:29 p.m.
  • Length: 16:28
Show
View Real Time Build Order
Export as new Build Order

Ryper Terran - Winner!

Build Orders:  

Get SALT Encoding   

  12  0:01  SCV  
  13  0:13  SCV  
  14  0:17  Supply Depot  
  14  0:25  SCV  
  15  0:39  SCV  
  15  0:40  Barracks  
  16  0:47  Refinery  
  16  0:51  SCV  
  17  1:03  SCV  
  17  1:41  SCV  
  18  1:48  Supply Depot  
  18  1:53  Marine  
  18  1:54  Orbital Command  
  19  2:11  Marine  
  20  2:29  Marine  
  20  2:40  SCV  
  21  2:44  Barracks  
  20  3:05  Marine  
  19  3:23  Marine  
  2  5:00  Bunker  
  1  5:10  Orbital Command  
  1  5:36  SCV  
  2  5:57  SCV  
  3  6:15  Barracks  
  3  6:26  SCV  
  3  6:29  Bunker  
  4  6:38  SCV  
  5  6:50  SCV  
  6  7:00  Refinery  
  6  7:02  SCV  
  6  7:03  Marine  
  6  7:04  Barracks  
  8  7:21  Marine  
  9  7:27  SCV  
  9  7:28  Refinery  
  10  7:41  SCV  
  11  7:45  Supply Depot  
  11  7:56  Factory  
  11  7:57  Marine  
  12  7:59  Marine  
  12  8:01  SCV  
  12  8:04  Supply Depot  
  14  8:24  SCV  
  15  8:36  SCV  
  15  8:40  Barracks Tech Lab  
  16  8:45  Starport  
  16  8:49  SCV  
  16  8:54  Factory Tech Lab  
  17  9:05  SCV  
  18  9:29  Banshee  
  18  9:31  Cloaking Field  
  21  9:38  SCV  
  22  9:51  Starport  
  22  10:12  Banshee  
  25  10:34  Siege Tank  
  20  10:55  Banshee  
  11  12:20  Starport Tech Lab  
  11  12:28  Starport Tech Lab  
  2  14:39  Banshee  
  2  14:43  Banshee  
Show
View Real Time Build Order
Export as new Build Order

NoTactics Terran - Winner!

Build Orders:  

Get SALT Encoding   

  12  0:01  SCV  
  13  0:13  SCV  
  14  0:21  Supply Depot  
  14  0:25  SCV  
  15  0:43  SCV  
  15  0:45  Barracks  
  16  0:55  SCV  
  17  1:07  SCV  
  18  1:19  SCV  
  18  1:21  Command Center  
  19  1:32  Marine  
  20  1:34  Supply Depot  
  20  1:36  SCV  
  21  1:44  Refinery  
  21  1:48  Orbital Command  
  21  2:02  Supply Depot  
  21  2:03  Marine  
  22  2:10  Barracks  
  22  2:14  SCV  
  22  2:15  Refinery  
  23  2:27  Marine  
  24  2:44  Barracks  
  24  2:45  Barracks  
  24  2:47  Orbital Command  
  24  2:49  SCV  
  24  2:54  Marine  
  25  3:05  Bunker  
  25  3:06  SCV  
  25  3:08  Marine  
  25  3:12  Marine  
  28  3:26  Marine  
  29  3:28  SCV x2  
  29  3:30  Marine  
  32  3:39  Marine x2  
  32  3:40  SCV  
  35  3:44  Marine  
  35  3:47  Marine  
  37  3:57  Marine x2  
  39  4:05  Barracks  
  39  4:06  Barracks  
  39  4:12  Marine x2  
  41  4:19  SCV  
  42  4:26  Marine x2  
  34  4:43  Marine x2  
  34  4:44  Marine x2  
  36  4:56  Marine x2  
  38  5:00  Marine  
  38  5:01  Marine x2  
  40  5:08  Marine  
  40  5:09  Factory  
  40  5:13  Marine  
  42  5:15  Factory  
  42  5:16  SCV x2  
  44  5:22  Refinery  
  44  5:28  SCV x2  
  46  5:31  Supply Depot x2  
  46  5:33  Supply Depot  
  46  5:34  Marine x4  
  50  5:44  Marine x2  
  52  5:52  Marine x2  
  54  6:03  SCV x2  
  56  6:10  Barracks Reactor, Barracks Tech Lab  
  56  6:11  Marine  
  56  6:13  Factory Tech Lab  
  56  6:15  SCV  
  56  6:16  Factory Tech Lab  
  56  6:18  SCV  
  59  6:24  Starport  
  59  6:29  SCV  
  59  6:30  SCV  
  59  6:32  Barracks Reactor, Marine x2  
  63  6:41  SCV  
  63  6:42  SCV  
  65  6:55  Siege Tank x2  
  65  6:58  Marine x2  
  73  7:03  Starport Reactor  
  73  7:05  Marine x2  
  73  7:06  Marine x2  
  77  7:17  Engineering Bay  
  77  7:19  Engineering Bay  
  69  7:45  Viking  
  69  7:46  Viking  
  69  7:47  Marine x2  
  69  7:50  Siege Tank  
  64  8:22  Siege Tank  
  67  8:30  Viking x2  
  69  8:49  Marine x3  
  69  8:50  Marine x3  
  69  8:52  Terran Infantry Weapons Level 1  
  69  8:54  Terran Infantry Armor Level 1  
  75  8:57  Armory  
  75  9:00  Viking, Supply Depot  
  77  9:15  Viking  
  76  9:24  Supply Depot  
  73  9:30  Marine x4  
  73  9:31  Marine  
  74  9:37  Barracks Reactor  
  70  9:39  Marine  
  68  9:46  Viking x2  
  68  9:48  Supply Depot  
  72  10:02  Marine x3  
  72  10:04  Marine  
  72  10:06  Stimpack  
  76  10:10  Terran Vehicle Weapons Level 1  
  76  10:11  SCV x2  
  76  10:12  Supply Depot  
  78  10:16  Viking x2  
  78  10:20  Marine x6  
  88  10:24  Siege Tank  
  88  10:26  Barracks Reactor  
  91  10:31  Hellbat  
  91  10:33  Refinery  
  91  10:35  Supply Depot  
  93  10:39  Marine x3  
  93  10:40  Marine x2  
  98  10:52  Siege Tank  
  98  10:56  Siege Tank  
  98  10:57  Supply Depot  
  93  11:10  Marine x3  
  93  11:11  Marine x7  
  83  11:21  SCV x2, Supply Depot  
  83  11:28  Marine x4  
  83  11:29  Marine x6  
  93  11:33  SCV  
  93  11:35  Terran Infantry Weapons Level 2  
  93  11:36  Terran Infantry Armor Level 2  
  94  11:46  Marine x5, Combat Shield  
  94  11:47  Marine x4  
  103  11:59  Marine  
  104  12:04  Marine x4  
  104  12:06  Siege Tank  
  104  12:08  Marine  
  112  12:27  Command Center  
  112  12:30  Marine x6  
  118  12:38  Siege Tank  
  121  12:45  Marine x4  
  121  12:48  Marine  
  121  12:50  Siege Tank  
  129  12:53  Viking  
  131  13:10  Siege Tank  
  108  13:49  Marine x7  
  108  13:50  Marine x3  
  108  13:51  Medivac x2  
  122  14:07  Marine x7  
  120  14:11  Marine x3  
  119  14:21  Medivac x2  
  118  14:24  Marine x2  
  118  14:25  Marine  
  119  14:34  Marine x4  
  119  14:35  Marine x3  
  122  14:42  Marine  
  122  14:44  SCV  
  122  14:45  SCV  
  119  14:49  Orbital Command  
  118  14:55  Medivac x2  
  118  14:57  SCV x2, Marine x6  
  111  15:25  Medivac  
  113  15:28  SCV x2  
  104  15:57  Barracks x2  
  100  16:01  Marine x3  
  100  16:02  Marine x6  
  111  16:04  Barracks  
  111  16:05  Marine  
Show
View Real Time Build Order
Export as new Build Order

qqq Protoss 

Build Orders:  

Get SALT Encoding   

  12  0:03  Probe  
  13  0:15  Probe  
  14  0:27  Probe  
  15  0:57  Pylon  
  11  1:41  Probe  
  12  1:53  Probe  
  11  2:05  Probe  
  10  2:56  Probe  
  11  3:08  Probe  
  11  3:14  Gateway  
  11  3:20  Probe  
  11  3:32  Probe  
  11  3:44  Probe  
  12  3:55  Zealot  
  12  3:57  Probe  
  13  4:07  Cybernetics Core  
  13  4:09  Probe  
  16  4:13  Zealot  
  16  4:21  Probe  
  19  4:27  Pylon  
  19  4:32  Assimilator  
  19  4:33  Probe  
  20  4:43  Zealot  
  20  4:45  Probe  
  23  5:02  Zealot  
  23  5:22  Stalker  
  23  5:31  Probe  
  23  5:32  Gateway  
  26  5:36  Assimilator  
  26  5:44  Probe  
  26  5:49  Stalker  
  27  5:56  Probe  
  30  6:05  Pylon  
  30  6:08  Probe, Pylon  
  31  6:23  Probe, Sentry  
  34  6:28  Stalker  
  36  6:35  Probe  
  37  6:45  Stalker  
  37  6:51  Zealot  
  41  7:09  Stalker  
  41  7:15  Stalker  
  45  7:44  Stargate  
  45  7:45  Probe  
  45  7:51  Nexus  
  46  7:57  Probe  
  47  8:10  Pylon  
  47  8:12  Pylon  
  47  8:16  Pylon  
  47  8:22  Sentry, Stalker  
  47  8:28  Phoenix  
  49  8:44  Phoenix  
  49  8:52  Stalker  
  53  9:09  Phoenix  
  45  9:34  Probe, Phoenix  
  46  9:38  Assimilator  
  46  9:40  Assimilator  
  46  9:42  Probe  
  46  9:52  Probe  
  45  9:59  Phoenix  
  48  10:04  Probe  
  49  10:16  Probe  
  49  10:24  Phoenix  
  49  10:26  Fleet Beacon  
  51  10:50  Phoenix  
  51  10:58  Stargate  
  43  11:08  Nexus  
  35  11:29  Phoenix  
  35  11:31  Robotics Facility  
  35  11:37  Probe  
  35  11:45  Probe  
  36  11:54  Phoenix  
  39  11:55  Probe, Phoenix  
  42  12:07  Probe  
  43  12:19  Tempest, Probe  
  49  12:30  Tempest  
  54  12:40  Anion Pulse-Crystals  
  54  12:43  Probe  
  55  12:47  Observer  
  56  12:56  Protoss Air Weapons Level 1  
  56  13:01  Phoenix  
  56  13:22  Carrier  
  56  13:26  Phoenix  
  60  13:48  Probe  
  60  13:49  Probe  
  60  13:52  Carrier  
  68  14:00  Probe  
  68  14:01  Probe  
  70  14:19  Mothership  
  78  14:46  Carrier  
  78  14:48  Probe x2  
  86  15:00  Probe x2  
  82  15:32  Pylon  
  82  15:33  Pylon  
  82  15:34  Pylon  
  82  15:36  Pylon  
  87  16:05  Pylon  
Show
View Real Time Build Order
Export as new Build Order

Massa Terran 

Build Orders:  

Get SALT Encoding   

  12  0:03  SCV  
  13  0:15  Supply Depot  
  13  0:18  SCV  
  14  0:30  SCV  
  15  0:37  Barracks  
  15  0:42  SCV  
  16  0:54  SCV  
  17  1:04  Barracks  
  17  1:06  SCV  
  18  1:18  SCV  
  18  1:23  Refinery  
  19  1:27  Barracks, Marine  
  20  1:36  Supply Depot  
  20  1:38  SCV  
  21  1:45  Marine  
  22  1:53  Barracks, Marine  
  23  2:02  Marine  
  24  2:11  Marine  
  24  2:15  Marine  
  26  2:16  Supply Depot  
  26  2:20  Marine  
  27  2:28  Marine  
  28  2:33  Marine  
  29  2:38  Marine  
  30  2:46  Marine  
  30  2:49  Marine  
  30  2:50  Marine  
  33  2:55  Supply Depot  
  33  2:56  Marine  
  34  3:04  Marine  
  35  3:07  Marine  
  35  3:08  Marine  
  37  3:14  Marine  
  38  3:22  Marine  
  38  3:25  Marine  
  39  3:43  Marine x4  
  40  3:51  Factory  
  40  3:58  Supply Depot  
  40  4:01  Marine x4  
  41  4:18  Marine  
  41  4:19  Marine x3  
  43  4:36  Marine x2  
  43  4:37  Marine x2  
  39  4:54  Marine x4  
  36  5:09  Factory Tech Lab  
  36  5:12  Marine x4  
  38  5:29  Siege Tank  
  38  5:30  Marine x4  
  45  5:47  Marine  
  45  5:48  Marine x3  
  49  6:01  Siege Tank  
  52  6:05  Marine  
  52  6:06  Marine, Command Center  
  52  6:09  Barracks Tech Lab  
  54  6:31  Supply Depot  
  54  6:55  Supply Depot  
  54  6:57  Marine x4  
  58  7:15  Marine  
  59  7:16  Marauder  
  59  7:17  Supply Depot  
  61  7:37  Orbital Command, Marauder  
  61  7:42  Supply Depot  
  62  7:54  Marine  
  62  7:55  Marine x2  
  62  7:59  Marauder  
  62  8:05  Siege Tank  
  64  8:09  SCV x2  
  64  8:11  Marine  
  64  8:12  Marine  
  67  8:13  Marine  
  66  8:20  Marauder  
  68  8:31  Marine  
  69  8:37  Stimpack  
  69  8:41  Barracks Tech Lab, Marauder  
  69  8:54  Orbital Command  
  69  8:55  SCV  
  70  9:01  Combat Shield  
  70  9:03  Marauder  
  67  9:24  Marauder  
  68  9:46  Marauder  
  66  9:56  Marauder, Marine x2  
  70  10:00  SCV  
  73  10:07  Marauder  
  73  10:14  Marine x2  
  73  10:17  Marauder  
  79  10:28  Marauder  
  79  10:32  Marine x2  
  79  10:38  Marauder  
  37  11:24  Marine, Siege Tank  
  37  11:25  Marauder x2, Marine  
  45  11:29  Engineering Bay  
  39  11:36  SCV x2  
  41  11:42  Marine x2  
  41  11:44  Command Center  
  41  11:46  Marauder, Marine  
  46  11:48  SCV x2  
  46  11:50  Concussive Shells  
  48  12:00  SCV x2  
  50  12:04  Marauder  
  52  12:12  SCV x2, Marauder  
  52  12:13  Marine x2  
  58  12:20  Missile Turret  
  58  12:24  SCV  
  58  12:25  Marauder  
  58  12:26  Missile Turret  
  61  12:34  Refinery  
  61  12:37  Missile Turret  
  61  12:50  Sensor Tower  
  61  12:54  Marauder x2, Marine x2  
  67  12:58  Missile Turret  
  65  13:18  Siege Tank  
  36  13:41  Barracks  
  36  13:42  Barracks  
  36  13:43  Barracks x2  
  13  14:08  SCV  
  13  14:20  SCV  
  12  14:27  Barracks  
  8  14:32  SCV  
  8  14:35  Barracks  
  9  14:44  SCV  
  10  14:46  Barracks  
  5  15:52  SCV  
  6  16:04  SCV  
Tags
 
Add a new tag
Caveats
  • Supply blocks, unpowered buildings, or Contaminate may cause inaccurate times.
  • Supply counts are checked every 10 seconds.